 Dungeon Crawl Stone Soup version 0.28.0-53-g5a82cb258f (webtiles) character file.

Game seed: 3397203913022556900

248 DocClef the Spear-Bearer (level 6, 0/44 HPs)
             Began as a Merfolk Gladiator on June 30, 2022.
             Slain by an orc wizard
             ... wielding a +0 dagger of holy wrath
              (1 damage)
             ... on level 4 of the Dungeon.
             The game lasted 00:02:20 (3221 turns).

DocClef the Spear-Bearer (Merfolk Gladiator)        Turns: 3221, Time: 00:02:21

Health: 0/44       AC:  5    Str: 16    XL:     6   Next: 12%
Magic:  6/6        EV: 13    Int:  8    God:
Gold:   135        SH:  0    Dex: 15    Spells: 5/5 levels left

rFire   . . .      SeeInvis .   a - +0 trident
rCold   . . .      Faith    .   (no shield)
rNeg    . . .      Spirit   .   b - +0 leather armour
rPois   .          Reflect  .   c - +0 helmet
rElec   .          Harm     .   (no cloak)
rCorr   .          Rampage  .   w - +0 pair of gloves
Will    .....                   (no boots)
Stlth   +.........              (no amulet)
HPRegen 0.14/turn               (no ring)
MPRegen 0.10/turn               (no ring)

@: no status effects
A: (nimble swimmer 2), mertail
a: no special abilities


You were on level 4 of the Dungeon.
You visited 1 branch of the dungeon, and saw 4 of its levels.

You collected 135 gold pieces.

Inventory:

Hand Weapons
 a - a +0 trident (weapon)
Missiles
 d - 4 throwing nets (quivered)
Armour
 b - a +0 leather armour (worn)
 c - a +0 helmet (worn)
 w - a +0 pair of gloves (worn)
Scrolls
 f - 3 scrolls of torment {unknown}
 g - a scroll of magic mapping {unknown}
 i - a scroll of noise {unknown}
 j - a scroll of vulnerability {unknown}
 k - 2 scrolls of teleportation {unknown}
 n - a scroll of fog {unknown}
 o - a scroll of enchant armour {unknown}
 q - a scroll of brand weapon {unknown}
 t - a scroll of acquirement {unknown}
 u - a scroll of amnesia {unknown}
 v - a scroll of identify {unknown}
Potions
 e - a potion of magic {unknown}
 h - a potion of haste {unknown}
 l - a potion of attraction {unknown}
 m - a potion of brilliance {unknown}
 p - 2 potions of berserk rage {unknown}
 r - a potion of lignification {unknown}
 s - a potion of mutation {unknown}


   Skills:
 - Level 2.1 Fighting
 + Level 9.6 Polearms
 - Level 2.0 Throwing
 - Level 4.0 Dodging


You had 5 spell levels left.
You didn't know any spells.
Your spell library contained the following spells:

 Spells                   Type           Power      Damage    Failure   Level
 Magic Dart               Conj           0%         1d3       47%         1
 Call Imp                 Summ           0%         N/A       63%         2
 Corpse Rot               Necr/Air       0%         N/A       63%         2
 Poisonous Vapours        Pois/Air       0%         N/A       63%         2
 Mephitic Cloud           Conj/Pois/Air  0%         N/A       85%         3


Dungeon Overview and Level Annotations

Branches:
Dungeon (4/15)
 Temple: D:4-7

Altars:
Ashenzari
Xom


Innate Abilities, Weirdness & Mutations

((You are very nimble when in or above water. (Stealth+, EV+, Speed+++)))
Your lower body shifts to a powerful aquatic tail in water.


Message History

You closely miss the orc. The orc hits you with a +0 war axe.
Something hits you.
You hit the orc.
The orc is lightly wounded.
Something hits you. The orc barely misses you.
You barely miss the orc.
The orc is lightly wounded.
The orc closely misses you. Something hits you but does no damage.
You hit the orc.
The orc is moderately wounded.
The orc barely misses you. Something hits you but does no damage.
You closely miss the orc.
The orc is moderately wounded.
The orc barely misses you.
You hear some strange, mumbled words.
A magic dart appears from out of thin air!
The magic dart hits you!
* * * LOW HITPOINT WARNING * * *
You puncture the orc!
You kill the orc!
You hear some strange, mumbled words.
You are confused.
You see here a +0 war axe.
Found 9 gold pieces.
You closely miss something. Something hits you.
* * * LOW HITPOINT WARNING * * *
You hit something but do no damage. Something hits you but does no damage.
Something hits you.
* * * LOW HITPOINT WARNING * * *
You feel less confused.
You hit something.
You hear some strange, mumbled words.
A magic dart appears from out of thin air!
The magic dart hits you!
* * * LOW HITPOINT WARNING * * *
You closely miss something. Something hits you.
* * * LOW HITPOINT WARNING * * *
You completely miss something. You barely miss something. Something hits you.
You die...

##....#
#.#.##†#.#.#.##....#
##....#
##........#...##....
......#
...#.#.)....#.##...
......#
#.#......#.#......
......#
#...#........##.+#
##....#
#.#.#.#.##.#.##..######
##....# .
#...........)........
......#
#.#.#.##[###)##........
......+
#.....@{...............
......#
#.#.##.###.####..##....
#.....# #.#. #.# #.#
#o## ... ####### . ...
?.. ..o .. # .#.......
... # ..#........... #
.. #...........# # ...
#$......... #


There were no monsters in sight!

Vanquished Creatures
  A hound (D:4)
  An orc priest (D:4)
  A bullfrog skeleton (D:2)
  8 adders
  2 worms (D:2)
  A dart slug (D:3)
  10 orcs
  6 ball pythons
  5 endoplasms
  5 giant cockroaches
  2 goblins
  2 hobgoblins
  8 jackals
  7 kobolds
  2 quokkas
  3 bats
  5 frilled lizards
  5 rats
74 creatures vanquished.

Notes
Turn   | Place    | Note
-------+----------+-------------------------------------------
     0 | D:1      | DocClef the Merfolk Gladiator began the quest for the Orb.
     0 | D:1      | Reached XP level 1. HP: 16/16 MP: 1/1
   244 | D:1      | Reached skill level 5 in Polearms
   370 | D:1      | Reached XP level 2. HP: 18/22 MP: 2/2
   933 | D:1      | Found a broken altar of Ashenzari.
   989 | D:2      | Noticed an eye of devastation
   991 | D:2      | Found a faded altar of an unknown god.
   993 | D:2      | Noticed a shining eye
   993 | D:2      | Noticed a shining eye
   993 | D:2      | Noticed an eye of devastation
  1001 | D:2      | Reached skill level 6 in Polearms
  1001 | D:2      | Reached XP level 3. HP: 25/27 MP: 3/3
  1414 | D:2      | Reached XP level 4. HP: 33/33 MP: 4/4
  1423 | D:2      | Reached skill level 7 in Polearms
  1962 | D:3      | Reached skill level 8 in Polearms
  1962 | D:3      | Reached XP level 5. HP: 23/38 MP: 5/5
  2090 | D:3      | Found a shimmering altar of Xom.
  2642 | D:3      | Found a broken altar of Ashenzari.
  2844 | D:4      | Reached skill level 9 in Polearms
  3200 | D:4      | Reached XP level 6. HP: 30/44 MP: 6/6
  3219 | D:4      | HP: 1/44 [something (3)]
  3221 | D:4      | Slain by an orc wizard

Illustrated notes

Levels and vault maps discovered:
D:1:      dpeg_arrival_lava_altar, layout_basic
D:2:      layout_loops_ring, hellmonk_ecumenical_altar_watching_god
D:3:      layout_rooms, mainiacjoe_overflow_alcove_2, evilmike_ruin_ashenzari
D:4:      layout_gridville, minmay_diced_spiral

Skill      XL: |  1  2  3  4  5 |
---------------+----------------+-----
Polearms       | 5 6 8 9 |  9.6
Fighting       | |  2.1
Throwing       | |  2.0
Dodging        | |  4.0

Action                   |  1- 3 |  4- 6 || total
-------------------------+-------+-------++-------
Melee: Trident           |    97 |   171 ||   268
       Punch             |       |     2 ||     2
 Stab: Sleeping          |     4 |       ||     4
Armor: Leather armour    |    22 |    26 ||    48
Dodge: Dodged            |    63 |    69 ||   132
